 Dungeon Crawl Stone Soup version 0.28.0-43-g3370ac3207 (webtiles) character file.

Game seed: 17808959891809729626

63 pkoi the Ruffian (level 3, -5/29 HPs)
             Began as a Demigod Warper on Mar 31, 2022.
             Slain by Sigmund
             ... wielding a +0 scythe
              (6 damage)
             ... on level 2 of the Dungeon.
             The game lasted 00:03:21 (2151 turns).

pkoi the Ruffian (Demigod Warper)                   Turns: 2151, Time: 00:03:22

Health: -5/29      AC:  3    Str: 16    XL:     3   Next: 63%
Magic:  8/8        EV: 14    Int: 15    God:
Gold:   64         SH:  0    Dex: 13    Spells: 5/5 levels left

rFire   . . .      SeeInvis .     - Unarmed
rCold   . . .      Faith    .   (no shield)
rNeg    . . .      Spirit   .   a - +0 leather armour
rPois   .          Reflect  .   (no helmet)
rElec   .          Harm     .   (no cloak)
rCorr   .          Rampage  .   (no gloves)
Will    .....                   (no boots)
Stlth   +.........              (no amulet)
HPRegen 0.09/turn               (no ring)
MPRegen 0.11/turn               (no ring)

@: confused
A: high MP 1, forlorn, divine attributes
a: no special abilities


You were on level 2 of the Dungeon.
You visited 1 branch of the dungeon, and saw 2 of its levels.

You collected 64 gold pieces.

Inventory:

Missiles
 c - 5 boomerangs of dispersal
 e - 2 boomerangs (quivered)
 h - 4 javelins
Armour
 a - a +0 leather armour (worn)
Scrolls
 b - a scroll of blinking
Potions
 g - a potion of cancellation
 i - a potion of lignification {unknown}


   Skills:
 + Level 2.1 Fighting
 - Level 1.0 Throwing
 - Level 0.8 Armour
 + Level 6.2 Dodging
 * Level 6.3 Unarmed Combat
 - Level 1.7 Spellcasting
 - Level 2.6 Translocations


You had 5 spell levels left.
You didn't know any spells.
Your spell library contained the following spells:

 Spells                   Type           Power      Damage    Failure   Level
 Blink                    Tloc           18%        N/A       14%         2
 Gell's Gravitas          Tloc           9%         N/A       28%         3
 Lesser Beckoning         Tloc           9%         N/A       28%         3
 Teleport Other           Tloc           9%         N/A       28%         3
 Manifold Assault         Tloc           9%         N/A       95%         5


Dungeon Overview and Level Annotations

Branches:
Dungeon (2/15)

Annotations:
D:2 Sigmund


Innate Abilities, Weirdness & Mutations

You have an increased reservoir of magic. (+10% MP)
You shall have no god before yourself.
Your divine heritage dramatically boosts your attributes as you level up.


Message History

Found a whip.
A hobgoblin comes into view.
Found a stone staircase leading down.
The hobgoblin shouts!
You see here a +0 whip.
Sigmund the Dreaded comes into view.
He is wielding a +0 scythe.
Found a falchion and a short sword.
The hobgoblin hits you but does no damage.
Sigmund drinks a potion.
Sigmund seems to speed up.
You hit the hobgoblin.
The hobgoblin is severely wounded.
The hobgoblin hits you but does no damage.
You hit the hobgoblin.
You kill the hobgoblin!
You see here a hobgoblin corpse.
Sigmund points at you and mumbles some strange words.
The puff of flame hits you.
* * * LOW HITPOINT WARNING * * *
Sigmund gestures wildly while chanting.
Sigmund flickers and vanishes!
Deactivating autopickup; reactivate with Ctrl-A.
You see here a +0 whip.
Something hits you.
* * * LOW HITPOINT WARNING * * *
Something barely misses you.
A puff of flame appears from out of thin air!
The puff of flame hits you.
* * * LOW HITPOINT WARNING * * *
You hear some strange, mumbled words.
You are confused.
There is a stone staircase leading down here.
You bump into the rock wall.
Something barely misses you.
You hear some strange, mumbled words.
You are more confused.
You're too confused to move!
Something hits you!
* * * LOW HITPOINT WARNING * * *
Something hits you.
* * * LOW HITPOINT WARNING * * *
You bump into the rock wall.
Something hits you.
You die...

#...#...###...#
###...### #.###
##.## #.# #.##.#
#.# #.##.# #.#
#.##.# #.# #≈≈
#.##.# #.#
#≈≈...≈≈#
#.##.######.#
#≈.....≈#
#.##.@....<.#
.......
#.##.########
..... #..{.#
#####.######.##>#
.#.#.........##.#
>...........{...#
..†.)........####
...#..########
...#..#


There were no monsters in sight!

Vanquished Creatures
  A dart slug (D:1)
  A ball python (D:2)
  2 goblins (D:1)
  7 hobgoblins
  2 quokkas (D:1)
  4 bats
  2 frilled lizards (D:1)
  A kobold (D:2)
  2 rats (D:1)
22 creatures vanquished.

Notes
Turn   | Place    | Note
-------+----------+-------------------------------------------
     0 | D:1      | pkoi the Demigod Warper began the quest for the Orb.
     0 | D:1      | Reached XP level 1. HP: 17/17 MP: 5/5
   567 | D:1      | Reached XP level 2. HP: 24/24 MP: 7/7
  1562 | D:2      | Reached skill level 1 in Throwing
  1631 | D:2      | HP: 1/24 [constriction (1)]
  1632 | D:2      | Reached XP level 3. HP: 2/29 MP: 8/8
  2126 | D:2      | Noticed Sigmund
  2150 | D:2      | HP: 1/29 [something (3)]
  2151 | D:2      | Slain by Sigmund

Illustrated notes

Levels and vault maps discovered:
D:1:      dpeg_arrival_boxes_within_box, layout_basic,
          kennysheep_decorative_pillar
D:2:      minmay_kobold_bridge, layout_loops_ring, uniq_sigmund

Skill      XL: |  1  2 |
---------------+-------+-----
Unarmed Combat | 2 6 |  6.3
Fighting       | 2 |  2.1
Dodging        | 2 6 |  6.2
Throwing       | 1 |  1.0
Armour         | |  0.8
Spellcasting   | |  1.7
Translocations | |  2.6

Action                   || total
-------------------------++-------
Melee: Unarmed           ||    78
       Punch             ||     2
Throw: Boomerang         ||    14
  Use: Potion            ||     3
Armor: Leather armour    ||    18
Dodge: Dodged            ||    43
